 Dungeon Crawl Stone Soup version 0.22-a0-480-g991dd4b (webtiles) character file.

230 namelastname112 the Sneak (level 6, -1/32 HPs)
             Began as a Vine Stalker Assassin on June 16, 2018.
             Slain by a gnoll
             ... wielding a +0 spear
              (7 damage)
             ... on level 4 of the Dungeon.
             The game lasted 00:04:20 (2223 turns).

namelastname112 the Sneak (Vine Stalker Assassin)   Turns: 2223, Time: 00:04:21

Health: -1/32      AC:  3    Str: 14    XL:     6   Next: 3%
Magic:  0/7        EV: 15    Int: 11    God:
Gold:   66         SH:  0    Dex: 17    Spells: 5/5 levels left

rFire    . . .     SeeInvis .   a - +2 dagger
rCold    . . .     Gourm    +   (no shield)
rNeg     . . .     Faith    .   c - +0 robe
rPois    +         Spirit   +   (no helmet)
rElec    .         Reflect  .   d - +0 cloak
rCorr    .         Harm     .   (no gloves)
MR       .....                  (no boots)
Stlth    +++.......             o - amulet of the gourmand
HPRegen  0.50/turn              m - ring of poison resistance
MPRegen  0.10/turn              q - +2 ring of evasion

@: no status effects
A: fangs 2, regeneration 1, magic shield, antimagic bite, no potion heal 3, rot
immunity
a: no special abilities


You were on level 4 of the Dungeon.
You were very full.

You visited 1 branch of the dungeon, and saw 4 of its levels.
You also visited: Sewer.

You collected 66 gold pieces.

Inventory:

Hand Weapons
 a - a +2 dagger (weapon)
 b - a +0 blowgun
Missiles
 e - 8 poisoned needles
 f - 2 curare-tipped needles
 s - 3 needles of sleeping
Armour
 c - a +0 robe (worn)
 d - a +0 cloak (worn)
Jewellery
 m - a ring of poison resistance (left hand)
 o - an amulet of the gourmand (around neck)
 q - a +2 ring of evasion (right hand)
Scrolls
 j - 2 scrolls of noise {unknown}
 l - 2 scrolls of identify {unknown}
 n - a scroll of random uselessness {unknown}
 p - a scroll of immolation {unknown}
 t - a scroll of enchant armour {unknown}
 v - 2 scrolls of remove curse {unknown}
 x - a scroll of blinking {unknown}
Potions
 h - 4 potions of flight {unknown}
 i - a potion of resistance {unknown}
 k - a potion of lignification {unknown}
 r - a potion of agility {unknown}
 u - 2 potions of heal wounds {unknown}
Comestibles
 g - 7 rations
 w - 2 chunks of flesh


   Skills:
 + Level 2.8 Fighting
 + Level 2.8 Short Blades
 + Level 2.8 Throwing
 + Level 2.1 Dodging
 + Level 5.9 Stealth


You had 5 spell levels left.
You didn't know any spells.
Your spell library was empty.

Dungeon Overview and Level Annotations

Branches:
Dungeon (4/15)
 Temple: D:4-7

Altars:
Elyvilon
Zin

Shops:
D:2 *


Innate Abilities, Weirdness & Mutations

You have extremely sharp teeth.
Your natural rate of healing is unusually fast.
When hurt, damage is shared between your health and your magic reserves.
Your bite disrupts and absorbs the magic of your enemies.
Potions cannot restore your health.
You are immune to rotting.


Message History

The gnoll hits you with a spear.
You take 4 damage, and have 19/32 hp.
You now have 5/7 mp.
You barely miss the gnoll.
The gnoll is severely wounded.
The gnoll hits you with a spear.
You take 5 damage, and have 14/32 hp.
You now have 4/7 mp.
You are too injured to fight recklessly!
You are too injured to fight recklessly!
You are too injured to fight recklessly!
You hit the gnoll but do no damage.
The gnoll is severely wounded.
The gnoll hits you with a spear!
You take 4 damage, and have 10/32 hp.
You now have 3/7 mp.
You barely miss the gnoll. Your bite misses the gnoll.
The gnoll is severely wounded.
The gnoll hits you with a spear!
* * * LOW HITPOINT WARNING * * *
You take 5 damage, and have 5/32 hp.
You now have 1/7 mp.
The gnoll hits you from afar with a spear!
You die...

........
###.#...#
...#...#
####.#...##
###......<..###
#.....s..........
#.#.##g####.#####
# #)# ... #@# ###
#..# #..# #..#
#..# #..# $..#
#.##


You could see a gnoll and a giant cockroach.

Vanquished Creatures
  A big kobold (Sewer)
  A gnoll shaman (D:4)
  2 gnolls
  2 adders
  2 river rats
  3 worms (D:3)
  A leopard gecko (D:3)
  An orc (D:4)
  9 bats
  3 giant cockroaches
  4 goblins
  3 hobgoblins (D:1)
  11 jackals
  10 kobolds
  A quokka (D:4)
  A ball python (D:2)
  2 frilled lizards (D:2)
  12 rats
69 creatures vanquished.

Notes
Turn   | Place    | Note
-------+----------+-------------------------------------------
     0 | D:1      | namelastname112 the Vine Stalker Assassin began the quest for the Orb.
     0 | D:1      | Reached XP level 1. HP: 11/11 MP: 2/2
     4 | D:1      | Noticed a five-headed hydra
     7 | D:1      | Noticed a death yak
    91 | D:1      | Reached skill level 1 in Dodging
    91 | D:1      | Reached XP level 2. HP: 11/15 MP: 3/3
   217 | D:1      | Reached skill level 5 in Stealth
   649 | D:2      | Reached XP level 3. HP: 17/18 MP: 4/4
   689 | D:2      | Found a faded altar of an unknown god.
   940 | D:2      | Found Zin's Purification Station.
   943 | D:2      | Found a glowing silver altar of Zin.
  1476 | D:3      | Found a glowing drain.
  1486 | Sewer    | Entered a sewer
  1497 | Sewer    | Gained mutation: Your natural rate of healing is unusually fast. [Vine Stalker growth]
  1497 | Sewer    | Reached XP level 4. HP: 7/23 MP: 2/5
  1570 | Sewer    | Noticed a big kobold
  1634 | Sewer    | Killed a big kobold
  1634 | Sewer    | Reached XP level 5. HP: 15/27 MP: 3/6
  1687 | Sewer    | Found a glowing silver altar of Zin.
  1917 | D:3      | Found a white marble altar of Elyvilon.
  2212 | D:4      | Reached XP level 6. HP: 30/32 MP: 7/7
  2223 | D:4      | Slain by a gnoll

Vault maps used:
D:1:      sevenhm_arrival_forest_fort_small_2, nrook_loot_triangle
D:2:      zin_purify, first_ration, chequers_ecumenical_altar_island
D:3:      elyvilon_altar_5, cheibrodos_sewer_entry_sluice
D:4:      uniq_natasha, uniq_edmund
Sewer:    sewer_kobolds

Skill      XL: |  1  2  3  4  5 |
---------------+----------------+-----
Dodging        | 1 2 |  2.1
Stealth        | 5 |  5.9
Short Blades   | 2 |  2.8
Throwing       | 2 |  2.8
Fighting       | 2 |  2.8

Action                   |  1- 3 |  4- 6 || total
-------------------------+-------+-------++-------
Melee: Dagger            |    98 |   153 ||   251
       Bite              |    28 |    53 ||    81
 Stab: Sleeping          |    10 |     2 ||    12
  Eat: Chunk             |     4 |     9 ||    13
Armor: Robe              |    23 |    25 ||    48
Dodge: Dodged            |    77 |   138 ||   215

Table legend:
 A = Spawn XP
 B = Non-spawn XP
 C = Spawn XP percentage of total XP
 D = Spawn monster count
 E = Non-spawn monster count
 F = Spawn count percentage of total count
 G = Total turns spent on level
                    A         B        C        D         E        F      G
               +---------+---------+-------+---------+---------+-------+---------
         Total |       0 |     329 |   0.0 |       0 |      69 |   0.0 |  2223
               +---------+---------+-------+---------+---------+-------+---------
           D:1 |       0 |      23 |   0.0 |       0 |      15 |   0.0 |   581
           D:2 |       0 |      22 |   0.0 |       0 |       9 |   0.0 |   667
           D:3 |       0 |      85 |   0.0 |       0 |      28 |   0.0 |   680
           D:4 |       0 |      73 |   0.0 |       0 |       5 |   0.0 |    50
         Sewer |       0 |     126 |   0.0 |       0 |      12 |   0.0 |   245
               +---------+---------+-------+---------+---------+-------+---------
